 Dungeon Crawl Stone Soup version 0.31-a0-221-gbddc013574 (webtiles) character file.

Game seed: 2205945893158035702

58 qw the Shooter (level 4, 0/26 HPs)
             Began as a Gargoyle Hexslinger on July 4, 2023.
             Killed by divine providence
             ... invoked by an orc priest
              (16 damage)
             ... on level 2 of the Dungeon.
             The game lasted 00:00:32 (1230 turns).

qw the Shooter (Gargoyle Hexslinger)                Turns: 1230, Time: 00:00:33

Health: 0/26       AC:  5    Str: 11    XL:     4   Next: 2%
Magic:  5/5        EV: 12    Int: 14    God:
Gold:   64         SH:  0    Dex: 14    Spells: 4/5 levels left

rFire   . . .        Y - +1 sling
rCold   . . .        (no shield)
rNeg    + . .        c - +0 robe
rPois   inf          (no helmet)
rElec   +            (no cloak)
rCorr   .            (no gloves)
SInv    .            (no boots)
Will    .....        (no amulet)
Stlth   +            (no ring)
HPRegen 0.24/turn    (no ring)
MPRegen 0.09/turn

%: no passive effects
@: no status effects
A: sickness immunity, AC +3, negative energy resistance 1, electricity
resistance, torment resistance 1, petrification resistance
a: no special abilities


You were on level 2 of the Dungeon.
You visited 1 branch of the dungeon, and saw 2 of its levels.

You collected 64 gold pieces.


Innate Abilities, Weirdness & Mutations

You are immune to sickness and miasma.
Your stone body is resilient. (AC +3)
You are immune to poison.
You resist negative energy. (rN+)
You are resistant to electric shocks. (rElec)
You are resistant to unholy torment.
You are immune to petrification.


   Skills:
 - Level 2.0 Fighting
 + Level 3.8 Ranged Weapons
 - Level 1.5 Dodging
 - Level 1.0 Spellcasting
 - Level 2.6 Hexes


You had 4 spell levels left.
You knew the following spells:

 Your Spells              Type           Power      Damage    Failure   Level
a - Slow                  Hex            32%        N/A       9%          1

Your spell library contained the following spells:

 Spells                   Type           Power      Damage    Failure   Level
 Inner Flame              Hex/Fire       4%         N/A       41%         3
 Portal Projectile        Hex/Tloc       8%         N/A       41%         3
 Cause Fear               Hex            4%         N/A       65%         4

Inventory:

Hand Weapons
 Y - a +1 sling (weapon)
Armour
 c - a +0 robe (worn)
Jewellery
 a - an amulet of the acrobat
Scrolls
 d - a scroll of amnesia {unknown}
 e - a scroll of enchant armour {unknown}
 i - a scroll of identify {unknown}
Potions
 b - 2 potions of haste {unknown}
 f - a potion of heal wounds {unknown}
 g - a potion of attraction {unknown}
 h - a potion of ambrosia {unknown}
 j - a potion of curing {unknown}

Dungeon Overview and Level Annotations

Branches:
Dungeon (2/15)

Altars:
Cheibriados


Message History

The orc priest shouts!
You hear a shout!
An orc comes into view.
It is wielding a +0 dagger of holy wrath.
The orc shouts!
1215 ||| Stepping ~*~*~tactically~*~*~ (outnumbered).
An orc comes into view. It is wielding a +0 dagger.
1217 ||| Stepping ~*~*~tactically~*~*~ (outnumbered).
1219 ||| Stepping ~*~*~tactically~*~*~ (outnumbered).
The orc closely misses you.
1221 ||| Stepping ~*~*~tactically~*~*~ (outnumbered).
You shoot a sling bullet. The sling bullet barely misses the orc.
The orc barely misses you.
You shoot a sling bullet. The sling bullet hits the orc.
The orc is severely wounded.
The orc hits you but does no damage. The orc barely misses you.
You shoot a sling bullet.
The sling bullet closely misses the orc.
The orc completely misses you.
You shoot a sling bullet.
The sling bullet closely misses the orc.
The orc completely misses you.
You shoot a sling bullet. The sling bullet hits the orc.
You kill the orc!
You have reached level 4!
You feel clever.
You shoot a sling bullet.
The sling bullet barely misses the orc priest.
The orc priest calls down the wrath of Beogh upon you.
Pain shoots through your body!
You shoot a sling bullet.
The sling bullet barely misses the orc priest.
The orc priest closely misses you.
You shoot a sling bullet. The sling bullet hits the orc priest.
The orc priest is moderately wounded.
The orc priest invokes the aid of Beogh against you.
Pain shoots through your body!
You shoot a sling bullet.
The sling bullet closely misses the orc priest.
The orc priest mumbles some strange prayers to Beogh against you.
Beogh smites you!
Ouch! That really hurt!
You die...

..#...
......
......
.#..## .#
... ... ##
##########
#..>.
o.o.o.)..#
...## #o#
...# #@#
...# #.#
...# #.#
...# #.#
##... #.#
### #.#
#.# #.#
#.#


You could see an orc priest.

Vanquished Creatures
  An adder (D:2)
  A worm (D:2)
  A dart slug (D:1)
  2 orcs (D:2)
  3 bats
  8 endoplasms
  A giant cockroach (D:2)
  5 goblins
  2 hobgoblins
  A quokka (D:1)
  3 ball pythons
  7 frilled lizards
  5 kobolds
  A rat (D:1)
41 creatures vanquished.

Notes
Turn   | Place    | Note
-------+----------+-------------------------------------------
     0 | D:1      | qw the Gargoyle Hexslinger began the quest for the Orb.
     0 | D:1      | Reached XP level 1. HP: 12/12 MP: 2/2
     0 | D:1      | 0 ||| qw: Version: 0.3-a-41-g9d075ac
     0 | D:1      | 0 ||| qw: Game counter: 837
     0 | D:1      | 0 ||| qw: Melee chars always use a shield: true
     0 | D:1      | 0 ||| qw: God list: Okawaru
     0 | D:1      | 0 ||| qw: Allow faded altars: false
     0 | D:1      | 0 ||| qw: Do Orc after clearing Dungeon:15 true
     0 | D:1      | 0 ||| qw: Do second Lair branch before Depths: true
     0 | D:1      | 0 ||| qw: Lair rune preference: random
     0 | D:1      | 0 ||| qw: Goals: Normal
     0 | D:1      | 0 ||| PLANNING D:1-11
    63 | D:1      | Reached XP level 2. HP: 16/16 MP: 3/3
   116 | D:1      | Reached skill level 3 in Ranged Weapons
   380 | D:1      | Reached XP level 3. HP: 21/21 MP: 4/4
   698 | D:1      | 698 ||| DROPPING scarf of invisibility.
   699 | D:1      | 699 ||| READING scroll labelled WAZUECV LEIKEV.
   704 | D:1      | 704 ||| READING scroll labelled HUEQ AG ZEFE.
   705 | D:1      | 705 ||| READING scroll labelled GOON POTHRYENY.
   706 | D:1      | 706 ||| DROPPING scroll of poison.
   873 | D:2      | Found a snail-covered altar of Cheibriados.
  1213 | D:2      | 1213 ||| Stepping ~*~*~tactically~*~*~ (outnumbered).
  1215 | D:2      | 1215 ||| Stepping ~*~*~tactically~*~*~ (outnumbered).
  1217 | D:2      | 1217 ||| Stepping ~*~*~tactically~*~*~ (outnumbered).
  1219 | D:2      | 1219 ||| Stepping ~*~*~tactically~*~*~ (outnumbered).
  1221 | D:2      | 1221 ||| Stepping ~*~*~tactically~*~*~ (outnumbered).
  1227 | D:2      | Reached XP level 4. HP: 26/26 MP: 5/5
  1230 | D:2      | Killed from afar by an orc priest

Levels and vault maps discovered:
D:1:      lemuel_arrival_lava_pool, layout_basic, minmay_misc_feat_more_columns,
          minmay_misc_feat_tiny, st_stairs_4, minmay_tromino_v2
D:2:      layout_basic, basic_altar, minmay_gold_behind_fungi

Skill      XL: |  1  2 |
---------------+-------+-----
Ranged Weapons | 3 |  3.8
Fighting       | 2 |  2.0
Dodging        | |  1.5
Spellcasting   | |  1.0
Hexes          | |  2.6

Action                     |  1- 3 |  4- 6 || total
---------------------------+-------+-------++-------
   Fire: Sling             |   121 |     4 ||   125
    Use: Scroll            |     3 |       ||     3
 Armour: Robe              |    22 |       ||    22
  Dodge: Dodged            |    28 |     1 ||    29

Table legend:
 A = Non-vault XP
 B = Vault XP
 C = Vault XP percentage of total XP
 D = Non-vault monster count
 E = Vault monster count
 F = Vault count percentage of total count
                 A         B        C        D         E       F
            +---------+---------+-------+---------+---------+-------
      Total |      79 |       5 |   6.0 |      38 |       3 |   7.3
            +---------+---------+-------+---------+---------+-------
        D:1 |      35 |       5 |  12.5 |      22 |       3 |  12.0
        D:2 |      44 |       0 |   0.0 |      16 |       0 |   0.0
            +---------+---------+-------+---------+---------+-------
